Map: Torches LE

Players

ManlyManMeat - Winner!

  • Race: Zerg Zerg
  • Spawn Location: 1:00

Maxim

  • Race: Protoss Protoss
  • League: Silver
  • Spawn Location: 5:00

VOD

Have the link to the VOD?

Description

Time

  • Played on: May 14, 2025, 2:49 p.m.
  • Length: 17:40
Show
View Real Time Build Order
Export as new Build Order

ManlyManMeat Zerg - Winner!

Build Orders: Hatch First 

Get SALT Encoding   

  12  0:07  Overlord  
  12  0:12  Drone  
  13  0:16  Drone  
  14  0:26  Drone  
  15  0:34  Drone  
  16  0:49  Hatchery  
  15  0:53  Drone  
  16  1:03  Drone  
  17  1:09  Drone  
  18  1:16  Spawning Pool  
  17  1:22  Drone  
  18  1:25  Extractor  
  18  1:27  Drone  
  18  1:36  Drone  
  19  1:48  Evolution Chamber  
  19  1:49  Drone  
  19  1:51  Evolution Chamber  
  18  1:56  Drone  
  18  2:01  Overlord  
  19  2:07  Zergling x2  
  20  2:14  Drone  
  21  2:21  Queen  
  21  2:22  Extractor  
  22  2:25  Queen  
  24  2:32  Zergling x4  
  26  2:45  Zergling x8  
  30  3:13  Drone  
  30  3:14  Drone x4  
  30  3:18  Overlord  
  35  3:35  Hatchery  
  35  3:38  Zergling x4  
  36  3:51  Queen  
  36  3:55  Lair  
  38  4:00  Drone  
  38  4:01  Drone  
  40  4:10  Drone  
  40  4:11  Drone x2  
  40  4:14  Overlord  
  43  4:31  Queen  
  45  4:40  Zergling x10  
  45  4:41  Overlord  
  45  4:42  Overlord  
  50  5:03  Drone x9  
  59  5:12  Queen  
  59  6:02  Overlord x5  
  59  6:12  Spire  
  58  6:25  Zergling x2  
  58  6:26  Zergling x20  
  58  6:27  Zergling x2  
  70  6:37  Hatchery  
  70  6:38  Hatchery  
  68  6:40  Hatchery  
  67  6:52  Zergling x12  
  73  6:58  Drone x10  
  83  7:28  Zergling x2  
  83  7:29  Zergling x24  
  92  7:52  Overlord x5  
  92  7:56  Corruptor x2  
  96  8:22  Extractor  
  96  8:25  Extractor  
  94  8:48  Infestation Pit  
  94  8:51  Spore Crawler x2  
  94  8:52  Spore Crawler  
  90  8:56  Spore Crawler x2  
  90  8:58  Baneling Nest  
  90  8:59  Drone x6  
  90  9:01  Drone x6  
  99  9:06  Drone x9  
  99  9:08  Spore Crawler x2  
  106  9:10  Spore Crawler  
  106  9:15  Metabolic Boost  
  106  9:16  Zerg Melee Weapons Level 1  
  105  9:17  Zerg Ground Armor Level 1  
  105  9:30  Drone x2  
  105  10:13  Mutalisk  
  105  10:14  Mutalisk x5  
  117  10:25  Zerg Flyer Weapons Level 1  
  117  10:38  Extractor  
  117  10:39  Extractor  
  115  11:39  Hive  
  115  11:44  Zerg Melee Weapons Level 2  
  115  11:45  Zerg Ground Armor Level 2  
  115  11:51  Hatchery  
  115  11:52  Overseer  
  114  12:01  Hatchery  
  114  12:02  Hatchery  
  110  12:27  Mutalisk  
  110  12:28  Mutalisk x6  
  124  12:54  Ultralisk Cavern  
  120  13:28  Corruptor  
  120  13:29  Corruptor x6  
  120  13:30  Corruptor  
  120  13:32  Drone x3  
  120  13:33  Drone x4  
  120  13:34  Drone x5  
  143  13:35  Drone x4  
  132  14:11  Extractor  
  132  14:12  Extractor  
  129  14:17  Drone  
  129  14:18  Drone x6  
  129  14:19  Drone x2  
  138  14:30  Queen  
  140  14:31  Queen  
  139  14:46  Mutalisk x3  
  139  14:47  Mutalisk x7  
  159  14:59  Ultralisk x2  
  167  15:06  Extractor  
  164  15:08  Extractor  
  164  15:09  Overlord x3  
  164  15:10  Overlord x7  
  164  15:11  Overlord x4  
  163  15:14  Overlord x5  
  163  15:22  Adrenal Glands  
  163  15:44  Pneumatized Carapace  
  163  15:46  Ultralisk x2  
  175  16:03  Spore Crawler  
  172  16:04  Spore Crawler  
  172  16:05  Spore Crawler  
  172  16:06  Spore Crawler  
  172  16:08  Corruptor x5  
  134  16:56  Mutalisk x8  
Show
View Real Time Build Order
Export as new Build Order

Maxim Protoss 

Build Orders:  

Get SALT Encoding   

  12  0:11  Probe  
  12  0:13  Pylon  
  12  0:19  Probe  
  14  0:36  Probe  
  15  0:48  Probe  
  16  0:54  Gateway  
  16  1:00  Probe  
  17  1:04  Assimilator  
  17  1:12  Probe  
  17  1:16  Forge  
  18  1:24  Probe  
  19  1:37  Probe  
  20  1:41  Assimilator  
  20  1:45  Probe  
  20  1:53  Cybernetics Core, Probe  
  21  1:57  Photon Cannon  
  22  2:03  Probe  
  23  2:20  Warp Gate  
  23  2:21  Pylon  
  23  2:27  Pylon  
  23  2:36  Shield Battery  
  23  2:39  Probe  
  24  2:49  Robotics Facility  
  24  2:51  Probe  
  25  3:03  Probe  
  26  3:07  Photon Cannon  
  26  3:15  Probe  
  27  3:27  Probe  
  28  3:36  Observer  
  28  3:37  Gateway  
  28  3:39  Probe  
  30  3:44  Pylon  
  30  3:50  Stargate  
  30  3:58  Gateway  
  30  4:14  Pylon  
  30  4:17  Shield Battery  
  30  4:28  Robotics Bay  
  30  4:31  Gateway  
  30  4:40  Oracle  
  30  4:43  Twilight Council  
  33  4:46  Zealot  
  33  4:50  Stalker  
  37  5:04  Stalker  
  39  5:10  Sentry  
  41  5:29  Zealot  
  41  5:30  Zealot  
  45  5:57  Nexus  
  45  6:01  Stalker x2  
  53  6:08  Void Ray  
  53  6:21  Protoss Ground Weapons Level 1  
  53  6:22  Pylon  
  53  6:26  Pylon  
  54  6:34  Observer  
  54  7:00  Charge  
  54  7:09  Probe  
  54  7:11  Assimilator  
  54  7:13  Shield Battery, Assimilator  
  55  7:17  Probe  
  55  7:20  Stalker  
  55  7:21  Stalker  
  60  7:27  Probe  
  61  7:39  Probe  
  62  7:45  Colossus  
  69  7:51  Probe  
  69  7:56  Probe  
  69  8:03  Probe  
  69  8:04  Probe  
  72  8:13  Probe  
  72  8:15  Probe  
  74  8:26  Probe  
  75  8:27  Probe  
  75  8:30  Nexus  
  76  8:39  Probe  
  81  8:42  Zealot x2  
  81  8:43  Void Ray  
  85  8:56  Pylon  
  85  8:58  Pylon  
  85  9:00  Pylon  
  85  9:01  Pylon  
  89  9:27  Void Ray  
  89  9:33  Pylon  
  89  9:34  Protoss Ground Weapons Level 2, Nexus  
  85  9:48  Protoss Air Weapons Level 1  
  85  9:50  Extended Thermal Lance  
  85  9:53  Pylon  
  85  10:11  Stargate  
  85  10:13  Void Ray  
  89  10:16  Probe  
  90  10:24  Probe  
  90  10:34  Probe  
  92  10:45  Probe  
  92  10:46  Probe  
  94  10:51  Void Ray  
  94  10:53  Probe  
  101  10:58  Probe  
  101  10:59  Void Ray  
  101  11:28  Phoenix  
  103  11:36  Phoenix  
  103  11:39  Probe  
  105  11:41  Stargate  
  106  11:47  Probe, Assimilator  
  106  11:49  Assimilator  
  106  11:53  Phoenix  
  109  11:56  Protoss Air Armor Level 1  
  109  11:57  Probe  
  109  11:58  Gateway  
  109  11:59  Gateway, Protoss Ground Armor Level 1  
  110  12:01  Gateway  
  110  12:09  Probe  
  108  12:25  Probe  
  108  12:28  Phoenix  
  108  12:29  Phoenix x2  
  115  12:39  Fleet Beacon  
  115  12:46  Zealot x4  
  123  12:59  Zealot x2  
  123  13:00  Zealot  
  121  13:24  Carrier  
  135  13:29  Void Ray x2  
  101  14:01  Zealot x3  
  101  14:02  Zealot x2  
  116  14:12  Void Ray x2  
  114  14:27  Nexus  
  114  14:31  Pylon  
  118  14:34  Void Ray  
  118  14:47  Observer  
  118  14:49  Tempest  
  127  14:55  Void Ray  
  127  15:05  Observer  
  128  15:11  Carrier  
  134  15:38  Pylon  
  134  15:39  Phoenix, Pylon, Tempest  
  134  15:41  Pylon  
  140  15:47  Assimilator  
  138  15:51  Assimilator  
  129  16:04  Carrier  
  123  16:17  Zealot x4  
  65  17:31  Zealot x2  
Tags
 
League
Silver
Matchup
PvZ
Replay Pack
Multiplayer
Spawn Locations
Close Positions
Add a new tag
Caveats
  • Supply blocks, unpowered buildings, or Contaminate may cause inaccurate times.
  • Supply counts are checked every 10 seconds.